Map: Paladino Terminal LE

Players

asurn - Winner!

  • Race: Zerg Zerg
  • League: Diamond
  • Spawn Location: 5:00

Musumeci

  • Race: Zerg Zerg
  • League: Diamond
  • Spawn Location: 9:00

VOD

Have the link to the VOD?

Description

Time

  • Played on: March 15, 2017, 8:27 a.m.
  • Length: 5:20
Show
View Real Time Build Order
Export as new Build Order

asurn Zerg - Winner!

Build Orders: Pool First 

Get SALT Encoding   

  12  0:01  Drone  
  13  0:23  Spawning Pool  
  13  0:26  Drone  
  13  0:31  Drone  
  14  0:36  Extractor  
  14  0:37  Drone  
  14  0:44  Extractor  
  14  0:45  Drone  
  15  0:52  Overlord  
  15  1:10  Zergling x2  
  16  1:11  Queen  
  16  1:14  Zergling x2  
  19  1:21  Drone  
  20  1:31  Zergling x2  
  21  1:38  Metabolic Boost  
  21  1:43  Zergling x2  
  22  2:07  Overlord  
  22  2:08  Hatchery  
  21  2:21  Zergling x2  
  22  2:27  Baneling Nest  
  21  2:35  Zergling x6  
  21  2:36  Zergling x2  
  25  2:51  Queen  
  27  3:12  Zergling x2  
  27  3:13  Zergling x4  
  27  3:15  Overlord  
  27  3:17  Baneling x2  
  27  3:19  Baneling  
  29  3:40  Zergling x2  
  29  3:41  Zergling x8  
  32  3:42  Baneling  
  32  3:44  Baneling  
  31  3:56  Zergling x4  
  30  4:33  Zergling x2  
  30  4:34  Zergling x10  
  34  5:05  Baneling x3  
  34  5:06  Baneling  
Show
View Real Time Build Order
Export as new Build Order

Musumeci Zerg 

Build Orders: Hatch First, Zergling Baneling 

Get SALT Encoding   

  12  0:01  Drone  
  13  0:08  Drone  
  14  0:15  Extractor  
  14  0:16  Drone  
  15  0:42  Hatchery  
  14  0:48  Drone, Extractor  
  15  1:05  Spawning Pool  
  15  1:06  Extractor  
  14  1:18  Drone  
  14  1:19  Overlord  
  14  1:41  Extractor  
  13  1:51  Queen, Zergling x6  
  18  1:54  Zergling x2  
  19  2:04  Zergling x2  
  20  2:08  Metabolic Boost  
  20  2:20  Overlord  
  20  2:32  Baneling Nest  
  19  2:38  Zergling x2  
  20  2:47  Zergling x2  
  20  3:10  Zergling x8  
  20  3:16  Baneling x2  
  20  3:17  Baneling  
  20  3:34  Queen  
  18  3:40  Baneling x2  
  16  3:45  Baneling x2  
  16  3:59  Zergling x6  
  19  4:09  Zergling x4  
  18  4:34  Drone x3  
  19  4:45  Zergling x2  
  19  4:59  Baneling x2  
Tags
 
Add a new tag
Caveats
  • Supply blocks, unpowered buildings, or Contaminate may cause inaccurate times.
  • Supply counts are checked every 10 seconds.